 Dungeon Crawl Stone Soup version 0.30.0-29-ga12c61a403 (webtiles) character file.

Game seed: 8216031702534689729

387 ChadusMaximus the Summoner (level 6, -9/41 HPs)
             Began as a Barachi Summoner on June 24, 2023.
             Killed from afar by Duvessa (17 damage)
             ... with a bolt of dispelling energy
             ... on level 4 of the Dungeon.
             The game lasted 00:03:57 (3248 turns).

ChadusMaximus the Summoner (Barachi Summoner)       Turns: 3248, Time: 00:03:58

Health: -9/41      AC:  4    Str:  9    XL:     6   Next: 78%
Magic:  7/12       EV: 12    Int: 18    God:
Gold:   181        SH:  0    Dex: 12    Spells: 7/13 levels left

rFire   . . .        c - +0 sling
rCold   . . .        (no shield)
rNeg    . . .        a - +0 robe
rPois   .            s - +0 helmet
rElec   .            (no cloak)
rCorr   .            f - +0 pair of gloves
SInv    .            (no boots)
Will    .....        (no amulet)
Stlth   ++           (no ring)
HPRegen 0.26/turn    (no ring)
MPRegen 0.13/turn

%: no passive effects
@: slow
A: amphibious, slowness 1, strong legs 1, +LOS
a: Hop


You were on level 4 of the Dungeon.
You visited 1 branch of the dungeon, and saw 4 of its levels.

You collected 181 gold pieces.

Inventory:

Hand Weapons
 c - a +0 sling (weapon)
Armour
 a - a +0 robe (worn)
 f - a +0 pair of gloves (worn)
 s - a +0 helmet (worn)
Jewellery
 t - an amulet of guardian spirit
Scrolls
 h - 6 scrolls of identify {unknown}
 j - a scroll of enchant weapon {unknown}
 l - a scroll of magic mapping {unknown}
 m - a scroll of immolation {unknown}
 p - a scroll of blinking {unknown}
Potions
 b - 2 potions of magic
 e - 2 potions of curing {unknown}
 g - a potion of attraction {unknown}
 i - a potion of invisibility {unknown}
 k - a potion of might {unknown}
 n - a potion of heal wounds {unknown}
 o - a potion of brilliance {unknown}
 q - 2 potions of flight {unknown}
 r - a potion of degeneration {unknown}


   Skills:
 - Level 2.1 Dodging
 - Level 1.7 Stealth
 + Level 4.3 Spellcasting
 * Level 8.2 Summonings


You had 7 spell levels left.
You knew the following spells:

 Your Spells              Type           Power      Damage    Failure   Level
a - Summon Small Mammal   Summ           100%       N/A       1%          1
b - Call Canine Familiar  Summ           33%        N/A       1%          3
c - Call Imp              Summ           66%        N/A       1%          2

Your spell library contained the following spells:

 Spells                   Type           Power      Damage    Failure   Level
 Summon Guardian Golem    Hex/Summ       18%        N/A       8%          3
 Animate Armour           Summ/Erth      36%        N/A       26%         4
 Summon Lightning Spire   Summ/Air       18%        N/A       26%         4
 Portal Projectile        Hex/Tloc       6%         N/A       38%         3
 Tukima's Dance           Hex            3%         N/A       38%         3
 Blade Hands              Tmut           1%         N/A       98%         5
 Iron Shot                Conj/Erth      1%         9d1       100%        6


Dungeon Overview and Level Annotations

Branches:
Dungeon (4/15)
 Temple: D:4-7

Altars:
Uskayaw

Annotations:
D:4 Dowan, Duvessa, Menkaure


Innate Abilities, Weirdness & Mutations

You are amphibious.
You cover ground slowly.
You can hop short distances.
You have an extended range of vision and can be seen from far away.


Message History

Dowan is moderately wounded.
You shoot a sling bullet. The sling bullet hits Dowan.
Dowan is heavily wounded.
You shoot a sling bullet. The sling bullet hits Dowan.
Dowan is severely wounded.
Dowan gestures at you while chanting. The puff of frost hits you!
You shoot a sling bullet. The sling bullet closely misses Dowan.
Dowan mumbles some strange words.
Dowan blinks!
Casting: Summon Small Mammal (safe; 1% risk of failure)
Confirm with . or Enter, or press ? or * to list all spells.
Duvessa shouts!
Duvessa is nearby!
Dowan points at you and mumbles some strange words.
Your hound resists with significant effort.
Duvessa zaps a wand.
The bolt of dispelling energy hits you!
A ball python comes into view.
Your hound barely misses Dowan.
Dowan throws and catches a handful of magical flame, then smirks.
Dowan closely misses your hound.
Your hound barely misses Dowan.
Your hound bites Dowan.
Dowan mumbles some strange words.
Dowan blinks!
Casting: Call Canine Familiar (safe; 1% risk of failure)
Confirm with . or Enter, or press ? or * to list all spells.
The ball python hisses angrily.
Your hound disappears in a puff of smoke!
Duvessa zaps a wand.
The bolt of dispelling energy hits your hound!
The bolt of dispelling energy hits you!
* * * LOW HITPOINT WARNING * * *
The bolt of dispelling energy hits the ball python!
The ball python dies!
As you read the scroll of teleportation, it crumbles to dust.
You feel strangely unstable.
Duvessa zaps a wand.
The bolt of dispelling energy misses your hound.
The bolt of dispelling energy hits you!
You feel strangely stable.
You die...

##h# #..##
#..# ##..#
##########§##
#..##
..........§#
#...# ..
.........e##
##..# ...
..........#
#..# ...
###.....h#
##.. ...
######.# #..
###@# ##.
#...## #.
##....### #.
#...†...## ##
##........##
#
#..........#
#
#..........#
#
#.........##
###
#.........#
###.#


You could see Duvessa (ally target) and a friendly hound (summoned).

Vanquished Creatures
  A scorpion (D:3)
  An orc priest (D:3)
  An iguana (D:4)
  2 dart slugs (D:2)
  An orc (D:4)
  6 ball pythons
  4 endoplasms
  3 giant cockroaches
  4 hobgoblins
  4 jackals (D:2)
  6 bats
  A frilled lizard (D:2)
  A kobold (D:3)
  2 rats
37 creatures vanquished.

Vanquished Creatures (collateral kills)
  An ogre (D:4)
  A phantom (D:4)
  5 adders
  An ufetubus (D:4)
  3 worms
  2 orcs (D:3)
  An endoplasm (D:4)
  A hobgoblin (D:4)
  A quokka (D:3)
  A bat (D:3)
17 creatures vanquished.

Vanquished Creatures (others)
  A ball python (D:4)
1 creature vanquished.

Grand Total: 55 creatures vanquished

Notes
Turn   | Place    | Note
-------+----------+-------------------------------------------
     0 | D:1      | ChadusMaximus the Barachi Summoner began the quest for the
                  | Orb.
     0 | D:1      | Reached XP level 1. HP: 13/13 MP: 3/3
   282 | D:1      | Reached skill level 5 in Summonings
   349 | D:1      | Found a faded altar of an unknown god.
   391 | D:1      | Reached XP level 2. HP: 19/19 MP: 5/5
   885 | D:2      | Reached XP level 3. HP: 21/24 MP: 7/7
   970 | D:2      | Learned a level 3 spell: Call Canine Familiar
   973 | D:2      | Learned a level 2 spell: Call Imp
  1271 | D:2      | Reached skill level 6 in Summonings
  1551 | D:3      | Reached XP level 4. HP: 11/30 MP: 5/8
  1734 | D:3      | Found a hide-covered altar of Uskayaw.
  1734 | D:3      | Noticed a +0 hand axe
  1735 | D:3      | Noticed a +0 dagger
  1970 | D:3      | Noticed a scorpion
  1984 | D:3      | Killed a scorpion
  1985 | D:3      | Reached skill level 7 in Summonings
  1985 | D:3      | Reached XP level 5. HP: 19/35 MP: 3/10
  2496 | D:4      | Noticed a phantom
  2508 | D:4      | Killed a phantom
  2509 | D:4      | Reached XP level 6. HP: 41/41 MP: 9/12
  2536 | D:4      | Noticed Dowan
  2537 | D:4      | Noticed Duvessa
  2538 | D:4      | Noticed Menkaure
  3132 | D:4      | Reached skill level 8 in Summonings
  3248 | D:4      | Killed from afar by Duvessa

Illustrated notes

Levels and vault maps discovered:
D:1:      dpeg_arrival_snail, layout_basic,
          hellmonk_ecumenical_altar_heavens_door
D:2:      layout_loops_ring, minmay_misc_feat_hallway, grunt_decor_resistance
D:3:      layout_basic, dancing_weapons_uskayaw
D:4:      layout_cave_pods, uniq_menkaure, uniq_ijyb, uniq_duvessa

Skill      XL: |  1  2  3  4  5  6 |
---------------+-------------------+-----
Summonings     | 5 6 7 8 |  8.2
Spellcasting   | 3 4 |  4.3
Dodging        | |  2.1
Stealth        | |  1.7

Action                     |  1- 3 |  4- 6 || total
---------------------------+-------+-------++-------
   Fire: Sling             |   154 |    90 ||   244
   Cast: Summon Small Mamm |     5 |    10 ||    15
         Call Imp          |     3 |    11 ||    14
         Call Canine Famil |     1 |    10 ||    11
Ability: Hop               |     1 |     1 ||     2
    Use: Scroll            |       |     2 ||     2
 Armour: Robe              |    37 |    11 ||    48
  Dodge: Dodged            |    85 |    39 ||   124
